Thunderbirds vs Punishers
(R2)
Created - May 20, 2021 at 19:22
Goals
|
| Thunderbirds |
1 |
4 |
1 |
6 |
| Punishers |
0 |
1 |
2 |
3 |
|
Shots
|
| Thunderbirds |
10 |
10 |
13 |
33 |
| Punishers |
10 |
6 |
13 |
29 |
|
1st period
1. Thunderbirds , Devin Shore 2 (Timo Meier 4) at 5:34
Penalties :
Petr Straka (Spr) for Hooking (Minor) at 16:32
2nd period
2. Thunderbirds , Devin Shore 3 (Brandon Montour 2) at 4:03
3. Thunderbirds , Timo Meier 2 (Devin Shore 5, Ethan Bear 1) at 9:01
4. Thunderbirds , Devin Shore 4 (Jujhar Khaira 2, Anders Nilsson) at 9:50 (PP)
5. Thunderbirds , Devin Shore 5 (Patrick Wey 3, Timo Meier 5) at 14:35
6. Punishers , Elias Lindholm 1 (Nikita Gusev 3) at 17:23
Penalties :
Tony DeAngelo (Spr) for Hooking (Minor) at 0:35, Jujhar Khaira (Spr) for Hooking (Minor) at 4:39, Tyler Bertuzzi (Pro) for Roughing (Minor) at 9:36, Tony DeAngelo (Spr) for High sticking (Minor) at 10:12, Adam Pelech (Pro) for Fighting (Major) at 14:36, Jujhar Khaira (Spr) for Fighting (Major) at 14:36, Andreas Athanasiou (Pro) for Goalie Interference (Minor) at 14:59, Corey Tropp (Pro) for Hooking (Minor) at 18:23
3rd period
7. Punishers , John Quenneville 3 (Joseph Cramarossa 1, Fredrik Claesson 2) at 7:57
8. Punishers , Zack Hamill 5 (Corey Tropp 6) at 15:17
9. Thunderbirds , Dylan Sikura 2 (Valentin Zykov 6, Patrick Wey 4) at 15:55
Penalties :
Corey Tropp (Pro) for Slashing (Minor) at 1:15, Martin Frk (Spr) for Hooking (Minor) at 3:30, T.J. Tynan (Spr) for Hooking (Minor) at 8:19, T.J. Tynan (Spr) for Hooking (Minor) at 16:24
Goalie Stats
Anders Nilsson (Spr), 26 saves from 29 shots - (0.897), W, 2-0-0, 60:00 minutes
Louis Domingue (Pro), 13 saves from 15 shots - (0.867), 30:10 minutes
Daniel Altshuller (Pro), 14 saves from 18 shots - (0.778), L, 2-4-0, 29:50 minutes
Players Stats for Thunderbirds
Player Name G A P +/- PIM S H SB GA TA FO MP PP MP PK MP
------------------------------------------------------------------------------------
Brandon Montour 0 1 1 2 0 2 3 5 0 0 0/0 28:53 4:03 7:40
Christoffer Ehn 0 0 0 0 0 0 0 0 0 0 5/13 13:10 0:00 8:05
Devin Shore 4 1 5 4 0 8 2 1 1 0 8/25 22:02 3:24 2:54
Dylan Sikura 1 0 1 0 0 1 1 0 0 0 0/0 4:32 0:00 0:00
Ethan Bear 0 1 1 0 0 1 0 0 1 0 0/0 14:28 2:08 1:55
Jack Roslovic 0 0 0 -1 0 0 1 0 0 0 3/6 8:47 0:58 0:01
Jacob De La Rose 0 0 0 -1 0 1 0 1 0 0 0/2 16:30 0:00 8:05
Jujhar Khaira 0 1 1 4 7 5 1 0 2 0 0/0 16:25 1:52 0:02
Martin Frk 0 0 0 -1 2 2 1 0 0 0 0/0 8:17 0:00 0:00
Martin Marincin 0 0 0 0 0 1 0 1 0 1 0/0 19:19 0:00 7:40
Patrick Wey 0 2 2 1 0 0 3 1 0 0 0/0 21:03 2:08 0:00
Petr Straka 0 0 0 -1 2 4 2 0 2 0 0/0 13:57 2:53 0:00
Roland McKeown 0 0 0 0 0 0 0 1 0 2 0/0 17:39 0:00 6:13
Roope Hintz 0 0 0 -1 0 2 1 0 1 1 2/2 18:20 1:21 5:43
T.J. Tynan 0 0 0 -1 4 1 1 0 0 0 10/24 17:55 2:11 2:56
Timo Meier 1 2 3 4 0 3 1 1 0 0 1/1 18:24 3:18 0:00
Tony DeAngelo 0 0 0 1 4 0 0 0 1 1 0/0 19:10 4:03 4:18
Valentin Zykov 0 1 1 0 0 2 1 0 0 0 0/0 7:08 2:36 0:00
Players Stats for Punishers
Player Name G A P +/- PIM S H SB GA TA FO MP PP MP PK MP
------------------------------------------------------------------------------------
Adam Pelech 0 0 0 -2 5 3 1 0 1 2 0/0 25:58 8:12 2:16
Alex Schoenborn 0 0 0 0 0 0 0 0 0 0 1/1 2:22 0:00 2:22
Andreas Athanasiou 0 0 0 -2 2 2 0 1 1 0 2/4 23:06 7:44 1:17
Anton Blidh 0 0 0 0 0 0 0 0 0 0 0/0 0:07 0:00 0:07
Austen Brassard 0 0 0 0 0 1 2 0 0 0 0/0 11:00 0:00 0:00
Ben Betker 0 0 0 -1 0 2 1 0 0 0 0/0 19:04 5:41 2:00
Brett Kulak 0 0 0 -1 0 1 0 0 0 0 0/0 18:54 5:41 1:52
Carter Ashton 0 0 0 -1 0 2 1 0 0 3 0/0 15:11 6:09 0:00
Connor Clifton 0 0 0 0 0 0 0 0 0 0 0/0 3:30 0:00 0:27
Corey Tropp 0 1 1 -2 4 4 2 0 1 0 0/1 23:02 7:44 1:13
Daniel Audette 0 0 0 0 0 0 0 0 0 0 0/0 0:11 0:00 0:00
Elias Lindholm 1 0 1 0 0 3 0 0 0 1 6/6 11:00 0:00 0:00
Fredrik Claesson 0 1 1 1 0 0 1 0 0 1 0/0 9:59 0:00 0:00
Gabriel Gagne 0 0 0 0 0 0 0 0 0 0 0/0 0:00 0:00 0:00
John Quenneville 1 0 1 1 0 1 1 0 1 0 2/3 5:36 0:00 0:00
Joseph Cramarossa 0 1 1 1 0 0 0 0 0 0 0/0 7:40 0:00 1:52
Madison Bowey 0 0 0 -2 0 0 1 2 0 1 0/0 29:07 8:12 3:57
Michael Joly 0 0 0 1 0 0 0 0 0 0 0/0 5:47 0:00 0:00
Nicolas Roy 0 0 0 0 0 0 0 0 0 0 0/0 0:00 0:00 0:00
Nikita Gusev 0 1 1 0 0 1 0 0 0 0 2/3 11:00 0:00 0:00
Niko Mikkola 0 0 0 0 0 0 0 0 0 0 0/0 3:13 0:00 0:08
Noah Juulsen 0 0 0 1 0 0 1 0 0 0 0/0 10:15 0:00 1:43
Radek Faksa 0 0 0 -1 0 3 3 0 0 0 5/9 17:21 6:09 2:07
Tyler Bertuzzi 0 0 0 -1 2 0 0 0 1 0 0/0 15:10 6:09 0:00
Zack Hamill 1 0 1 -2 0 6 2 0 0 0 26/46 25:12 7:44 3:24
3 Stars
1 - Devin Shore (Spr)
2 - Timo Meier (Spr)
3 - Patrick Wey (Spr)
Power Play
Thunderbirds - 1 on 4 Attempt(s) - 25.00%
Punishers - 0 on 7 Attempt(s) - 0.00%
Penalty Kill
Thunderbirds - 7 on 7 Attempt(s) - 100.00%
- Score 0 goal in Penalty Kill
Punishers - 3 on 4 Attempt(s) - 75.00%
- Score 0 goal in Penalty Kill
Team Stat
Thunderbirds - Hits : 18 - Faceoff Wins : 29 - Blocked Shots : 11 - Penalty Minutes : 19
Punishers - Hits : 16 - Faceoff Wins : 44 - Blocked Shots : 3 - Penalty Minutes : 13
Official
Referees : Unknown
Linesman : Unknown
Game Notes
Devin Shore has scored a Hat Trick!
Louis Domingue enters game at 9:50 of 2nd period
Jujhar Khaira beats up Adam Pelech at 14:36 of 2nd period
John Quenneville is injured at 13:35 of 3rd period (Sprained Right Ankle)
Finance
Level 1 -- Attendance: 1590 (79.50%) -- Ticket Income $63,600
Level 2 -- Attendance: 744 (74.40%) -- Ticket Income $14,880
Total Attendance: 2334 (77.80%)
Total Ticket Income: $78,480
Other Income: $3,924
Total Income: $82,404
Thunderbirds
5 vs 5 Forward
Center Left Wing Right Wing Time % Phy DF OF
1 Devin Shore Jujhar Khaira Timo Meier 40 1 2 2
2 T.J. Tynan Roope Hintz Petr Straka 30 1 2 2
3 Jack Roslovic Jacob De La Rose Martin Frk 20 1 2 2
4 Christoffer Ehn Valentin Zykov Dylan Sikura 10 1 2 2
5 vs 5 Defense
Defense Defense Time % Phy DF OF
1 Patrick Wey Brandon Montour 40 1 2 2
2 Martin Marincin Tony DeAngelo 30 1 2 2
3 Roland McKeown Ethan Bear 20 1 2 2
4 Patrick Wey Martin Marincin 10 1 2 2
PowerPlay Forward
Center Left Wing Right Wing Time % Phy DF OF
1 Devin Shore Jujhar Khaira Timo Meier 60 1 2 2
2 T.J. Tynan Valentin Zykov Petr Straka 40 1 2 2
PowerPlay Defense
Defense Defense Time % Phy DF OF
1 Brandon Montour Tony DeAngelo 60 1 2 2
2 Patrick Wey Ethan Bear 40 1 2 2
Penalty Kill 4 Players Forward
Center Wing Time % Phy DF OF
1 Christoffer Ehn Jacob De La Rose 60 1 2 2
2 T.J. Tynan Roope Hintz 40 1 2 2
Penalty Kill 4 Players Defense
Defense Defense Time % Phy DF OF
1 Martin Marincin Brandon Montour 60 1 2 2
2 Tony DeAngelo Roland McKeown 40 1 2 2
Penalty Kill - 3 Players Forward
Forward Time % Phy DF OF
1 Christoffer Ehn 60 1 2 2
2 Jacob De La Rose 40 1 2 2
Penalty Kill - 3 Players Defense
Defense Defense Time % Phy DF OF
1 Roland McKeown Martin Marincin 60 1 2 2
2 Brandon Montour Tony DeAngelo 40 1 2 2
4 vs 4 Forward
Center Wing Time % Phy DF OF
1 Devin Shore Jujhar Khaira 60 1 2 2
2 T.J. Tynan Timo Meier 40 1 2 2
4 vs 4 Defense
Defense Defense Time % Phy DF OF
1 Patrick Wey Martin Marincin 60 1 2 2
2 Brandon Montour Tony DeAngelo 40 1 2 2
Last Minutes Offensive
Center Left Wing Right Wing Defense Defense
Devin Shore Jujhar Khaira Timo Meier Patrick Wey Tony DeAngelo
Last Minutes Defensive
Center Left Wing Right Wing Defense Defense
Christoffer Ehn Jacob De La Rose Dylan Sikura Brandon Montour Martin Marincin
Goaltenders
Starting : Anders Nilsson
Backup : Joonas Korpisalo
Extra Forwards
Normal : T.J. Tynan, Valentin Zykov, Jack Roslovic - PP : T.J. Tynan, Valentin Zykov - PK : Devin Shore
Extra Defensemen
Normal : Roland McKeown, Ethan Bear, Brandon Montour - PP : Roland McKeown - PK : Ethan Bear, Brandon Montour
Penalty Shots
Jack Roslovic, Devin Shore, Petr Straka, T.J. Tynan, Roope Hintz
Scratches
Alan Quine (Healthy), Collin Miller (Healthy), Scott Wilson (Healthy), Adam Clendening (Healthy), Nikita Nesterov (Healthy)
Hudson Fasching (Healthy), Eamon McAdam (Healthy)
Punishers
5 vs 5 Forward
Center Left Wing Right Wing Time % Phy DF OF
1 Zack Hamill Andreas Athanasiou Corey Tropp 40 1 2 2
2 Radek Faksa Tyler Bertuzzi Carter Ashton 30 1 2 2
3 Elias Lindholm Nikita Gusev Austen Brassard 20 1 2 2
4 John Quenneville Joseph Cramarossa Michael Joly 10 1 2 2
5 vs 5 Defense
Defense Defense Time % Phy DF OF
1 Madison Bowey Adam Pelech 40 1 2 2
2 Brett Kulak Ben Betker 30 1 2 2
3 Fredrik Claesson Noah Juulsen 20 1 2 2
4 Connor Clifton Niko Mikkola 10 1 2 2
PowerPlay Forward
Center Left Wing Right Wing Time % Phy DF OF
1 Zack Hamill Andreas Athanasiou Corey Tropp 60 1 2 2
2 Radek Faksa Tyler Bertuzzi Carter Ashton 40 1 2 2
PowerPlay Defense
Defense Defense Time % Phy DF OF
1 Madison Bowey Adam Pelech 60 1 2 2
2 Brett Kulak Ben Betker 40 1 2 2
Penalty Kill 4 Players Forward
Center Wing Time % Phy DF OF
1 Zack Hamill Corey Tropp 60 1 2 2
2 Andreas Athanasiou Radek Faksa 40 1 2 2
Penalty Kill 4 Players Defense
Defense Defense Time % Phy DF OF
1 Madison Bowey Adam Pelech 60 1 2 2
2 Brett Kulak Ben Betker 40 1 2 2
Penalty Kill - 3 Players Forward
Forward Time % Phy DF OF
1 Zack Hamill 60 1 2 2
2 Corey Tropp 40 1 2 2
Penalty Kill - 3 Players Defense
Defense Defense Time % Phy DF OF
1 Madison Bowey Adam Pelech 60 1 2 2
2 Brett Kulak Ben Betker 40 1 2 2
4 vs 4 Forward
Center Wing Time % Phy DF OF
1 Zack Hamill Corey Tropp 60 1 2 2
2 Andreas Athanasiou Radek Faksa 40 1 2 2
4 vs 4 Defense
Defense Defense Time % Phy DF OF
1 Madison Bowey Adam Pelech 60 1 2 2
2 Brett Kulak Ben Betker 40 1 2 2
Last Minutes Offensive
Center Left Wing Right Wing Defense Defense
Zack Hamill Andreas Athanasiou Corey Tropp Madison Bowey Adam Pelech
Last Minutes Defensive
Center Left Wing Right Wing Defense Defense
Zack Hamill Andreas Athanasiou Corey Tropp Madison Bowey Adam Pelech
Goaltenders
Starting : Daniel Altshuller
Backup : Louis Domingue
Extra Forwards
Normal : Daniel Audette, Anton Blidh, Alex Schoenborn - PP : Daniel Audette, Anton Blidh - PK : Alex Schoenborn
Extra Defensemen
Normal : Fredrik Claesson, Noah Juulsen, Connor Clifton - PP : Fredrik Claesson - PK : Noah Juulsen, Connor Clifton
Penalty Shots
Zack Hamill, Corey Tropp, Andreas Athanasiou, Radek Faksa, Elias Lindholm
Scratches
Austin Wagner (Healthy)
% Time on Ice - Thunderbirds
Lines # - Real PCT - Wanted PCT - Time Play
Normal Forward
1 - 42% - 40% - 16:37
2 - 28% - 30% - 11:07
3 - 19% - 20% - 7:40
4 - 11% - 10% - 4:32
Normal Defense
1 - 42% - 40% - 16:38
2 - 26% - 30% - 10:22
3 - 24% - 20% - 9:29
4 - 9% - 10% - 3:27
PP Forward
1 - 71% - 60% - 4:22
2 - 29% - 40% - 1:49
PP Defense
1 - 65% - 60% - 4:03
2 - 35% - 40% - 2:08
PK Forward
1 - 69% - 60% - 9:36
2 - 31% - 40% - 4:17
PK Defense
1 - 55% - 60% - 7:40
2 - 45% - 40% - 6:13
PK3 Forward
1 - 0% - 60%
2 - 0% - 40%
PK3 Defense
1 - 0% - 60%
2 - 0% - 40%
44 Forward
1 - 0% - 60%
2 - 0% - 40%
44 Defense
1 - 0% - 60%
2 - 0% - 40%
Last Minute Offensive - 0:00
Last Minute Defensive - 0:00
Total
Forward - 60:00
Defense - 60:00
|
% Time on Ice - Punishers
Lines # - Real PCT - Wanted PCT - Time Play
Normal Forward
1 - 35% - 40% - 14:07
2 - 23% - 30% - 9:02
3 - 28% - 20% - 11:00
4 - 14% - 10% - 5:47
Normal Defense
1 - 43% - 40% - 17:00
2 - 28% - 30% - 11:21
3 - 21% - 20% - 8:32
4 - 8% - 10% - 3:03
PP Forward
1 - 56% - 60% - 7:44
2 - 44% - 40% - 6:09
PP Defense
1 - 59% - 60% - 8:12
2 - 41% - 40% - 5:41
PK Forward
1 - 94% - 60% - 5:50
2 - 6% - 40% - 0:21
PK Defense
1 - 70% - 60% - 4:19
2 - 30% - 40% - 1:52
PK3 Forward
1 - 0% - 60%
2 - 0% - 40%
PK3 Defense
1 - 0% - 60%
2 - 0% - 40%
44 Forward
1 - 0% - 60%
2 - 0% - 40%
44 Defense
1 - 0% - 60%
2 - 0% - 40%
Last Minute Offensive - 0:00
Last Minute Defensive - 0:00
Total
Forward - 60:00
Defense - 60:00
|
Play-by-Play
1st period
0:01 of 1st period - Zack Hamill wins face-off versus Devin Shore in neutral zone.
0:06 of 1st period - Wrist shot by Corey Tropp.
0:06 of 1st period - Stopped by Anders Nilsson with a rebound.
0:45 of 1st period - Snap shot by Jack Roslovic.
0:45 of 1st period - Shot Misses the Net.
1:56 of 1st period - Slapshot by T.J. Tynan.
1:56 of 1st period - Shot Blocked by Madison Bowey.
3:04 of 1st period - Off-side.
3:05 of 1st period - Elias Lindholm wins face-off versus Devin Shore in neutral zone.
3:14 of 1st period - Elias Lindholm is hit by Devin Shore and loses puck.
3:27 of 1st period - Wrist shot by Jujhar Khaira.
3:27 of 1st period - Stopped by Daniel Altshuller with a rebound.
3:29 of 1st period - Snap shot by Brandon Montour.
3:29 of 1st period - Stopped by Daniel Altshuller without a rebound.
3:30 of 1st period - Zack Hamill wins face-off versus T.J. Tynan in Punishers zone.
3:30 of 1st period - Zack Hamill is hit by Patrick Wey.
3:36 of 1st period - Slapshot by Zack Hamill.
3:36 of 1st period - Stopped by Anders Nilsson with a rebound.
3:38 of 1st period - Snap shot by Madison Bowey.
3:38 of 1st period - Deflect By Andreas Athanasiou.
3:38 of 1st period - Stopped by Anders Nilsson with a rebound.
3:40 of 1st period - Snap shot by Corey Tropp.
3:40 of 1st period - Stopped by Anders Nilsson with a rebound.
3:42 of 1st period - Wrist shot by Andreas Athanasiou.
3:42 of 1st period - Shot Blocked by Brandon Montour.
3:44 of 1st period - Wrist shot by Corey Tropp.
3:44 of 1st period - Deflect By Andreas Athanasiou.
3:44 of 1st period - Stopped by Anders Nilsson with a rebound.
4:40 of 1st period - Snap shot by Timo Meier.
4:40 of 1st period - Stopped by Daniel Altshuller without a rebound.
4:41 of 1st period - Zack Hamill wins face-off versus T.J. Tynan in Punishers zone.
5:01 of 1st period - Snap shot by Corey Tropp.
5:01 of 1st period - Shot Misses the Net.
5:14 of 1st period - Icing by Roland McKeown.
5:15 of 1st period - Radek Faksa wins face-off versus Jack Roslovic in Thunderbirds zone.
5:20 of 1st period - Slapshot by Radek Faksa.
5:20 of 1st period - Stopped by Anders Nilsson with a rebound.
5:22 of 1st period - Snap shot by Madison Bowey.
5:22 of 1st period - Shot Misses the Net.
5:24 of 1st period - Snap shot by Carter Ashton.
5:24 of 1st period - Shot Misses the Net.
5:26 of 1st period - Slapshot by Adam Pelech.
5:26 of 1st period - Stopped by Anders Nilsson with a rebound.
5:28 of 1st period - Wrist shot by Carter Ashton.
5:28 of 1st period - Stopped by Anders Nilsson without a rebound.
5:29 of 1st period - Devin Shore wins face-off versus Zack Hamill in Thunderbirds zone.
5:34 of 1st period - Wrist shot by Devin Shore.
5:34 of 1st period - Goal by Devin Shore - Thunderbirds : 1 - Punishers : 0.
5:35 of 1st period - Andreas Athanasiou wins face-off versus Devin Shore in neutral zone.
6:02 of 1st period - Ben Betker is hit by Petr Straka and loses puck.
6:41 of 1st period - Icing by Martin Marincin.
6:42 of 1st period - Roope Hintz wins face-off versus Radek Faksa in Thunderbirds zone.
7:38 of 1st period - Snap shot by Elias Lindholm.
7:38 of 1st period - Deflect By Nikita Gusev.
7:38 of 1st period - Shot Misses the Net.
7:38 of 1st period - Puck is out of play.
7:39 of 1st period - Andreas Athanasiou wins face-off versus Devin Shore in Thunderbirds zone.
7:40 of 1st period - Snap shot by Zack Hamill.
7:40 of 1st period - Shot Misses the Net.
8:14 of 1st period - Snap shot by Petr Straka.
8:14 of 1st period - Shot Misses the Net.
8:32 of 1st period - Wrist shot by Elias Lindholm.
8:32 of 1st period - Deflect By Nikita Gusev.
8:32 of 1st period - Shot Misses the Net.
8:32 of 1st period - Puck is out of play.
8:33 of 1st period - Zack Hamill wins face-off versus Devin Shore in Thunderbirds zone.
8:38 of 1st period - Snap shot by Corey Tropp.
8:38 of 1st period - Stopped by Anders Nilsson with a rebound.
8:47 of 1st period - Icing by Jujhar Khaira.
8:48 of 1st period - Elias Lindholm wins face-off versus Devin Shore in Thunderbirds zone.
10:01 of 1st period - Snap shot by Jujhar Khaira.
10:01 of 1st period - Shot Misses the Net.
10:21 of 1st period - Roland McKeown is hit by Austen Brassard and loses puck.
10:53 of 1st period - Snap shot by Elias Lindholm.
10:53 of 1st period - Shot Misses the Net.
11:11 of 1st period - Snap shot by Elias Lindholm.
11:11 of 1st period - Shot Blocked by Roland McKeown.
12:01 of 1st period - Snap shot by Timo Meier.
12:01 of 1st period - Stopped by Daniel Altshuller with a rebound.
12:03 of 1st period - Snap shot by Devin Shore.
12:03 of 1st period - Shot Misses the Net.
12:05 of 1st period - Snap shot by Devin Shore.
12:05 of 1st period - Stopped by Daniel Altshuller with a rebound.
12:12 of 1st period - Icing by Adam Pelech.
12:13 of 1st period - Elias Lindholm wins face-off versus T.J. Tynan in Punishers zone.
12:25 of 1st period - Off-side.
12:26 of 1st period - T.J. Tynan wins face-off versus Zack Hamill in neutral zone.
12:53 of 1st period - Off-side.
12:54 of 1st period - Radek Faksa wins face-off versus Christoffer Ehn in neutral zone.
13:05 of 1st period - Slapshot by Dylan Sikura.
13:05 of 1st period - Shot Misses the Net.
13:07 of 1st period - Slapshot by Martin Marincin.
13:07 of 1st period - Shot Misses the Net.
13:09 of 1st period - Wrist shot by Valentin Zykov.
13:09 of 1st period - Stopped by Daniel Altshuller with a rebound.
13:19 of 1st period - Brett Kulak is hit by T.J. Tynan and loses puck.
13:40 of 1st period - Wrist shot by Zack Hamill.
13:40 of 1st period - Stopped by Anders Nilsson with a rebound.
14:04 of 1st period - Slapshot by Valentin Zykov.
14:04 of 1st period - Shot Misses the Net.
14:16 of 1st period - Wrist shot by Valentin Zykov.
14:16 of 1st period - Stopped by Daniel Altshuller without a rebound.
14:17 of 1st period - T.J. Tynan wins face-off versus John Quenneville in Punishers zone.
14:32 of 1st period - Snap shot by Joseph Cramarossa.
14:32 of 1st period - Shot Misses the Net.
14:52 of 1st period - Slapshot by Martin Marincin.
14:52 of 1st period - Stopped by Daniel Altshuller with a rebound.
15:12 of 1st period - Snap shot by Martin Frk.
15:12 of 1st period - Stopped by Daniel Altshuller with a rebound.
15:29 of 1st period - Radek Faksa is hit by Patrick Wey and loses puck.
15:52 of 1st period - Fredrik Claesson is hit by Brandon Montour and loses puck.
16:03 of 1st period - Zack Hamill is hit by Martin Frk and loses puck.
16:32 of 1st period - Minor Penalty to Petr Straka for Hooking.
16:33 of 1st period - Zack Hamill wins face-off versus Christoffer Ehn in Thunderbirds zone.
16:41 of 1st period - Wrist shot by Jacob De La Rose.
16:41 of 1st period - Shot Misses the Net.
17:32 of 1st period - Brett Kulak is hit by Brandon Montour and loses puck.
17:59 of 1st period - Slapshot by Brandon Montour.
17:59 of 1st period - Deflect By Roope Hintz.
17:59 of 1st period - Shot Misses the Net.
17:59 of 1st period - Puck is out of play.
18:00 of 1st period - T.J. Tynan wins face-off versus Radek Faksa in Punishers zone.
18:01 of 1st period - Snap shot by Roope Hintz.
18:01 of 1st period - Shot Misses the Net.
18:32 of 1st period - Penalty to Petr Straka is over, Petr Straka is back on ice.
19:13 of 1st period - Martin Marincin is hit by John Quenneville and loses puck.
19:54 of 1st period - Snap shot by Andreas Athanasiou.
19:54 of 1st period - Shot Misses the Net.
Goals for this period are 1 for Thunderbirds vs 0 for Punishers.
Shots for this period are 10 for Thunderbirds vs 10 for Punishers.
2nd period
0:01 of 2nd period - Zack Hamill wins face-off versus T.J. Tynan in neutral zone.
0:15 of 2nd period - Snap shot by Zack Hamill.
0:15 of 2nd period - Shot Blocked by Patrick Wey.
0:30 of 2nd period - Wrist shot by Tyler Bertuzzi.
0:30 of 2nd period - Shot Misses the Net.
0:32 of 2nd period - Snap shot by Carter Ashton.
0:32 of 2nd period - Stopped by Anders Nilsson without a rebound.
0:33 of 2nd period - Devin Shore wins face-off versus Zack Hamill in Thunderbirds zone.
0:35 of 2nd period - Minor Penalty to Tony DeAngelo for Hooking.
0:36 of 2nd period - Zack Hamill wins face-off versus Christoffer Ehn in Thunderbirds zone.
0:36 of 2nd period - Snap shot by Corey Tropp.
0:36 of 2nd period - Shot Blocked by Brandon Montour.
0:38 of 2nd period - Slapshot by Adam Pelech.
0:38 of 2nd period - Stopped by Anders Nilsson with a rebound.
0:40 of 2nd period - Wrist shot by Zack Hamill.
0:40 of 2nd period - Stopped by Anders Nilsson with a rebound.
0:42 of 2nd period - Wrist shot by Corey Tropp.
0:42 of 2nd period - Stopped by Anders Nilsson without a rebound.
0:43 of 2nd period - Zack Hamill wins face-off versus Jacob De La Rose in Thunderbirds zone.
0:50 of 2nd period - Snap shot by Corey Tropp.
0:50 of 2nd period - Deflect By Martin Marincin.
0:50 of 2nd period - Shot Misses the Net.
0:50 of 2nd period - Puck is out of play.
0:51 of 2nd period - Zack Hamill wins face-off versus Jacob De La Rose in Thunderbirds zone.
2:35 of 2nd period - Penalty to Tony DeAngelo is over, Tony DeAngelo is back on ice.
3:05 of 2nd period - Slapshot by Jujhar Khaira.
3:05 of 2nd period - Stopped by Daniel Altshuller without a rebound.
3:06 of 2nd period - Elias Lindholm wins face-off versus T.J. Tynan in Punishers zone.
3:17 of 2nd period - Wrist shot by Elias Lindholm.
3:17 of 2nd period - Stopped by Anders Nilsson without a rebound.
3:18 of 2nd period - Jack Roslovic wins face-off versus Zack Hamill in Thunderbirds zone.
3:32 of 2nd period - Off-side.
3:33 of 2nd period - Radek Faksa wins face-off versus T.J. Tynan in neutral zone.
3:36 of 2nd period - T.J. Tynan is hit by Radek Faksa.
4:03 of 2nd period - Slapshot by Devin Shore.
4:03 of 2nd period - Goal by Devin Shore - Thunderbirds : 2 - Punishers : 0.
4:04 of 2nd period - T.J. Tynan wins face-off versus Zack Hamill in neutral zone.
4:09 of 2nd period - Icing by Andreas Athanasiou.
4:10 of 2nd period - Zack Hamill wins face-off versus T.J. Tynan in Punishers zone.
4:17 of 2nd period - Snap shot by Petr Straka.
4:17 of 2nd period - Stopped by Daniel Altshuller without a rebound.
4:18 of 2nd period - Zack Hamill wins face-off versus Devin Shore in Punishers zone.
4:25 of 2nd period - Wrist shot by Corey Tropp.
4:25 of 2nd period - Shot Blocked by Brandon Montour.
4:33 of 2nd period - Snap shot by Zack Hamill.
4:33 of 2nd period - Shot Blocked by Timo Meier.
4:39 of 2nd period - Minor Penalty to Jujhar Khaira for Hooking.
4:40 of 2nd period - Zack Hamill wins face-off versus Christoffer Ehn in Thunderbirds zone.
5:13 of 2nd period - Off-side.
5:14 of 2nd period - T.J. Tynan wins face-off versus Zack Hamill in neutral zone.
6:23 of 2nd period - Icing by Tyler Bertuzzi.
6:24 of 2nd period - Radek Faksa wins face-off versus Christoffer Ehn in Punishers zone.
6:39 of 2nd period - Penalty to Jujhar Khaira is over, Jujhar Khaira is back on ice.
7:33 of 2nd period - Brett Kulak is hit by Brandon Montour and loses puck.
8:26 of 2nd period - Off-side.
8:27 of 2nd period - Roope Hintz wins face-off versus Nikita Gusev in neutral zone.
8:41 of 2nd period - Roope Hintz is hit by Noah Juulsen and loses puck.
8:49 of 2nd period - Slapshot by T.J. Tynan.
8:49 of 2nd period - Deflect By Petr Straka.
8:49 of 2nd period - Stopped by Daniel Altshuller without a rebound.
8:50 of 2nd period - Devin Shore wins face-off versus Zack Hamill in Punishers zone.
8:53 of 2nd period - Snap shot by Devin Shore.
8:53 of 2nd period - Shot Misses the Net.
8:55 of 2nd period - Wrist shot by Timo Meier.
8:55 of 2nd period - Shot Misses the Net.
8:57 of 2nd period - Snap shot by Ethan Bear.
8:57 of 2nd period - Stopped by Daniel Altshuller with a rebound.
8:59 of 2nd period - Wrist shot by Devin Shore.
8:59 of 2nd period - Stopped by Daniel Altshuller with a rebound.
9:01 of 2nd period - Snap shot by Timo Meier.
9:01 of 2nd period - Goal by Timo Meier - Thunderbirds : 3 - Punishers : 0.
9:02 of 2nd period - Zack Hamill wins face-off versus Devin Shore in neutral zone.
9:36 of 2nd period - Minor Penalty to Tyler Bertuzzi for Roughing.
9:37 of 2nd period - Zack Hamill wins face-off versus Devin Shore in Punishers zone.
9:37 of 2nd period - Zack Hamill is hit by Jujhar Khaira.
9:50 of 2nd period - Snap shot by Devin Shore.
9:50 of 2nd period - Goal by Devin Shore - Thunderbirds : 4 - Punishers : 0.
9:50 of 2nd period - Louis Domingue enters game.
9:51 of 2nd period - Devin Shore wins face-off versus Zack Hamill in neutral zone.
9:54 of 2nd period - Slapshot by Martin Marincin.
9:54 of 2nd period - Shot Blocked by Andreas Athanasiou.
10:12 of 2nd period - Minor Penalty to Tony DeAngelo for High sticking.
10:13 of 2nd period - Christoffer Ehn wins face-off versus Zack Hamill in Thunderbirds zone.
10:29 of 2nd period - Snap shot by Corey Tropp.
10:29 of 2nd period - Shot Blocked by Jacob De La Rose.
10:48 of 2nd period - Martin Marincin is hit by Radek Faksa and loses puck.
12:12 of 2nd period - Penalty to Tony DeAngelo is over, Tony DeAngelo is back on ice.
12:27 of 2nd period - Icing by Devin Shore.
12:28 of 2nd period - John Quenneville wins face-off versus Devin Shore in Thunderbirds zone.
13:16 of 2nd period - Michael Joly is hit by Dylan Sikura and loses puck.
13:49 of 2nd period - Nikita Gusev is hit by Jack Roslovic and loses puck.
14:03 of 2nd period - Off-side.
14:04 of 2nd period - T.J. Tynan wins face-off versus Zack Hamill in neutral zone.
14:29 of 2nd period - Wrist shot by Petr Straka.
14:29 of 2nd period - Stopped by Louis Domingue with a rebound.
14:31 of 2nd period - Wrist shot by Timo Meier.
14:31 of 2nd period - Shot Misses the Net.
14:33 of 2nd period - Slapshot by Patrick Wey.
14:33 of 2nd period - Shot Misses the Net.
14:35 of 2nd period - Snap shot by Devin Shore.
14:35 of 2nd period - Goal by Devin Shore - Thunderbirds : 5 - Punishers : 0.
14:36 of 2nd period - Timo Meier wins face-off versus Zack Hamill in neutral zone.
14:36 of 2nd period - Jujhar Khaira beats up Adam Pelech.
14:36 of 2nd period - Penalty to Adam Pelech for Fighting.
14:36 of 2nd period - Penalty to Jujhar Khaira for Fighting.
14:37 of 2nd period - Devin Shore wins face-off versus Zack Hamill in neutral zone.
14:59 of 2nd period - Minor Penalty to Andreas Athanasiou for Goalie Interference.
15:00 of 2nd period - Zack Hamill wins face-off versus Devin Shore in Punishers zone.
16:59 of 2nd period - Penalty to Andreas Athanasiou is over, Andreas Athanasiou is back on ice.
17:06 of 2nd period - Jacob De La Rose is hit by Austen Brassard and loses puck.
17:13 of 2nd period - Wrist shot by Elias Lindholm.
17:13 of 2nd period - Deflect By Nikita Gusev.
17:13 of 2nd period - Shot Blocked by Brandon Montour.
17:13 of 2nd period - Puck is out of play.
17:14 of 2nd period - Nikita Gusev wins face-off versus Christoffer Ehn in Thunderbirds zone.
17:23 of 2nd period - Wrist shot by Elias Lindholm.
17:23 of 2nd period - Goal by Elias Lindholm - Thunderbirds : 5 - Punishers : 1.
17:24 of 2nd period - Devin Shore wins face-off versus Zack Hamill in neutral zone.
17:30 of 2nd period - Off-side.
17:31 of 2nd period - Devin Shore wins face-off versus Zack Hamill in neutral zone.
17:46 of 2nd period - Corey Tropp is hit by Patrick Wey and loses puck.
18:23 of 2nd period - Minor Penalty to Corey Tropp for Hooking.
18:24 of 2nd period - Zack Hamill wins face-off versus T.J. Tynan in Punishers zone.
19:09 of 2nd period - Madison Bowey is hit by Roope Hintz and loses puck.
19:36 of 2nd period - Penalty to Adam Pelech is over, Adam Pelech is back on ice.
Goals for this period are 4 for Thunderbirds vs 1 for Punishers.
Shots for this period are 10 for Thunderbirds vs 6 for Punishers.
3rd period
0:01 of 3rd period - Zack Hamill wins face-off versus Devin Shore in neutral zone.
0:23 of 3rd period - Penalty to Corey Tropp is over, Corey Tropp is back on ice.
0:43 of 3rd period - Snap shot by Jujhar Khaira.
0:43 of 3rd period - Stopped by Louis Domingue with a rebound.
0:45 of 3rd period - Slapshot by Roland McKeown.
0:45 of 3rd period - Deflect By Devin Shore.
0:45 of 3rd period - Stopped by Louis Domingue with a rebound.
0:49 of 3rd period - Wrist shot by Devin Shore.
0:49 of 3rd period - Shot Misses the Net.
0:51 of 3rd period - Slapshot by Devin Shore.
0:51 of 3rd period - Stopped by Louis Domingue with a rebound.
0:53 of 3rd period - Slapshot by Martin Marincin.
0:53 of 3rd period - Deflect By Jujhar Khaira.
0:53 of 3rd period - Stopped by Louis Domingue without a rebound.
0:54 of 3rd period - Zack Hamill wins face-off versus T.J. Tynan in Punishers zone.
0:59 of 3rd period - Patrick Wey is hit by Corey Tropp and loses puck.
1:15 of 3rd period - Minor Penalty to Corey Tropp for Slashing.
1:16 of 3rd period - Alex Schoenborn wins face-off versus T.J. Tynan in Punishers zone.
1:28 of 3rd period - Backhand shot by T.J. Tynan.
1:28 of 3rd period - Stopped by Louis Domingue without a rebound.
1:29 of 3rd period - Zack Hamill wins face-off versus Devin Shore in Punishers zone.
1:29 of 3rd period - Zack Hamill is hit by Timo Meier.
3:15 of 3rd period - Penalty to Corey Tropp is over, Corey Tropp is back on ice.
3:25 of 3rd period - Wrist shot by Austen Brassard.
3:25 of 3rd period - Stopped by Anders Nilsson without a rebound.
3:26 of 3rd period - Nikita Gusev wins face-off versus Jack Roslovic in Thunderbirds zone.
3:27 of 3rd period - Wrist shot by Austen Brassard.
3:27 of 3rd period - Deflect By Elias Lindholm.
3:27 of 3rd period - Shot Misses the Net.
3:27 of 3rd period - Puck is out of play.
3:28 of 3rd period - Jack Roslovic wins face-off versus Zack Hamill in Thunderbirds zone.
3:30 of 3rd period - Minor Penalty to Martin Frk for Hooking.
3:31 of 3rd period - Christoffer Ehn wins face-off versus Andreas Athanasiou in Thunderbirds zone.
4:03 of 3rd period - Wrist shot by Radek Faksa.
4:03 of 3rd period - Shot Blocked by Brandon Montour.
4:05 of 3rd period - Slapshot by Adam Pelech.
4:05 of 3rd period - Stopped by Anders Nilsson without a rebound.
4:06 of 3rd period - T.J. Tynan wins face-off versus Zack Hamill in Thunderbirds zone.
4:19 of 3rd period - Snap shot by Jacob De La Rose.
4:19 of 3rd period - Stopped by Louis Domingue without a rebound.
4:20 of 3rd period - Christoffer Ehn wins face-off versus Zack Hamill in Punishers zone.
4:43 of 3rd period - T.J. Tynan is hit by Madison Bowey and loses puck.
4:52 of 3rd period - Slapshot by Carter Ashton.
4:52 of 3rd period - Shot Blocked by Martin Marincin.
4:54 of 3rd period - Slapshot by Ben Betker.
4:54 of 3rd period - Deflect By Brandon Montour.
4:54 of 3rd period - Stopped by Anders Nilsson with a rebound.
5:06 of 3rd period - Roope Hintz is hit by Ben Betker and loses puck.
5:30 of 3rd period - Penalty to Martin Frk is over, Martin Frk is back on ice.
5:35 of 3rd period - Jacob De La Rose is hit by Adam Pelech and loses puck.
5:54 of 3rd period - Snap shot by Martin Frk.
5:54 of 3rd period - Stopped by Louis Domingue with a rebound.
6:00 of 3rd period - Roland McKeown is hit by Fredrik Claesson and loses puck.
6:07 of 3rd period - Wrist shot by Elias Lindholm.
6:07 of 3rd period - Stopped by Anders Nilsson without a rebound.
6:08 of 3rd period - T.J. Tynan wins face-off versus Radek Faksa in Thunderbirds zone.
6:16 of 3rd period - Icing by Petr Straka.
6:17 of 3rd period - T.J. Tynan wins face-off versus Radek Faksa in Thunderbirds zone.
6:28 of 3rd period - Snap shot by T.J. Tynan.
6:28 of 3rd period - Shot Misses the Net.
6:30 of 3rd period - Slapshot by T.J. Tynan.
6:30 of 3rd period - Shot Misses the Net.
6:46 of 3rd period - Wrist shot by Petr Straka.
6:46 of 3rd period - Shot Misses the Net.
6:48 of 3rd period - Snap shot by Roope Hintz.
6:48 of 3rd period - Shot Misses the Net.
6:50 of 3rd period - Wrist shot by T.J. Tynan.
6:50 of 3rd period - Deflect By Roope Hintz.
6:50 of 3rd period - Stopped by Louis Domingue with a rebound.
6:58 of 3rd period - Slapshot by Ben Betker.
6:58 of 3rd period - Deflect By Brandon Montour.
6:58 of 3rd period - Stopped by Anders Nilsson without a rebound.
6:59 of 3rd period - Zack Hamill wins face-off versus Devin Shore in Thunderbirds zone.
7:12 of 3rd period - Snap shot by Jujhar Khaira.
7:12 of 3rd period - Shot Blocked by Madison Bowey.
7:57 of 3rd period - Wrist shot by Joseph Cramarossa.
7:57 of 3rd period - Deflect By John Quenneville.
7:57 of 3rd period - Goal by John Quenneville - Thunderbirds : 5 - Punishers : 2.
7:58 of 3rd period - Zack Hamill wins face-off versus T.J. Tynan in neutral zone.
8:19 of 3rd period - Minor Penalty to T.J. Tynan for Hooking.
8:20 of 3rd period - Zack Hamill wins face-off versus Christoffer Ehn in Thunderbirds zone.
8:23 of 3rd period - Wrist shot by Corey Tropp.
8:23 of 3rd period - Deflect By Zack Hamill.
8:23 of 3rd period - Stopped by Anders Nilsson without a rebound.
8:24 of 3rd period - Christoffer Ehn wins face-off versus Andreas Athanasiou in Thunderbirds zone.
8:24 of 3rd period - Christoffer Ehn is hit by Zack Hamill.
8:38 of 3rd period - Snap shot by Zack Hamill.
8:38 of 3rd period - Stopped by Anders Nilsson without a rebound.
8:39 of 3rd period - Zack Hamill wins face-off versus Christoffer Ehn in Thunderbirds zone.
10:19 of 3rd period - Penalty to T.J. Tynan is over, T.J. Tynan is back on ice.
10:35 of 3rd period - Madison Bowey is hit by Devin Shore.
11:10 of 3rd period - Niko Mikkola is hit by Valentin Zykov and loses puck.
12:00 of 3rd period - Wrist shot by Andreas Athanasiou.
12:00 of 3rd period - Shot Misses the Net.
12:14 of 3rd period - Wrist shot by Roope Hintz.
12:14 of 3rd period - Stopped by Louis Domingue with a rebound.
12:40 of 3rd period - Snap shot by Radek Faksa.
12:40 of 3rd period - Stopped by Anders Nilsson with a rebound.
13:13 of 3rd period - Snap shot by Jujhar Khaira.
13:13 of 3rd period - Stopped by Louis Domingue with a rebound.
13:33 of 3rd period - Slapshot by Petr Straka.
13:33 of 3rd period - Stopped by Louis Domingue without a rebound.
13:34 of 3rd period - John Quenneville wins face-off versus T.J. Tynan in Punishers zone.
13:34 of 3rd period - John Quenneville is hit by Petr Straka.
13:35 of 3rd period - John Quenneville from Punishers is injured at 13:35 of 3rd period (Sprained Right Ankle).
13:36 of 3rd period - Zack Hamill wins face-off versus Devin Shore in Punishers zone.
13:41 of 3rd period - Wrist shot by Corey Tropp.
13:41 of 3rd period - Deflect By Zack Hamill.
13:41 of 3rd period - Shot Blocked by Devin Shore.
13:41 of 3rd period - Puck is out of play.
13:42 of 3rd period - Devin Shore wins face-off versus Zack Hamill in Thunderbirds zone.
14:19 of 3rd period - Off-side.
14:20 of 3rd period - Radek Faksa wins face-off versus Devin Shore in neutral zone.
14:23 of 3rd period - Devin Shore is hit by Carter Ashton and loses puck.
14:44 of 3rd period - Devin Shore is hit by Radek Faksa and loses puck.
14:53 of 3rd period - Snap shot by Carter Ashton.
14:53 of 3rd period - Deflect By Radek Faksa.
14:53 of 3rd period - Stopped by Anders Nilsson without a rebound.
14:54 of 3rd period - T.J. Tynan wins face-off versus Corey Tropp in Thunderbirds zone.
15:01 of 3rd period - Slapshot by Brandon Montour.
15:01 of 3rd period - Stopped by Louis Domingue without a rebound.
15:02 of 3rd period - Zack Hamill wins face-off versus T.J. Tynan in Punishers zone.
15:17 of 3rd period - Snap shot by Zack Hamill.
15:17 of 3rd period - Goal by Zack Hamill - Thunderbirds : 5 - Punishers : 3.
15:18 of 3rd period - Jack Roslovic wins face-off versus Zack Hamill in neutral zone.
15:39 of 3rd period - Martin Marincin is hit by Corey Tropp.
15:55 of 3rd period - Slapshot by Dylan Sikura.
15:55 of 3rd period - Goal by Dylan Sikura - Thunderbirds : 6 - Punishers : 3.
15:56 of 3rd period - Zack Hamill wins face-off versus Devin Shore in neutral zone.
16:24 of 3rd period - Minor Penalty to T.J. Tynan for Hooking.
16:25 of 3rd period - Christoffer Ehn wins face-off versus Zack Hamill in Thunderbirds zone.
18:24 of 3rd period - Penalty to T.J. Tynan is over, T.J. Tynan is back on ice.
18:36 of 3rd period - Wrist shot by Nikita Gusev.
18:36 of 3rd period - Shot Misses the Net.
18:38 of 3rd period - Slapshot by Brett Kulak.
18:38 of 3rd period - Stopped by Anders Nilsson without a rebound.
18:39 of 3rd period - Elias Lindholm wins face-off versus T.J. Tynan in Thunderbirds zone.
18:42 of 3rd period - Slapshot by Nikita Gusev.
18:42 of 3rd period - Stopped by Anders Nilsson without a rebound.
18:43 of 3rd period - Elias Lindholm wins face-off versus Jack Roslovic in Thunderbirds zone.
18:46 of 3rd period - Slapshot by Austen Brassard.
18:46 of 3rd period - Shot Misses the Net.
19:24 of 3rd period - Roland McKeown is hit by Zack Hamill and loses puck.
Goals for this period are 1 for Thunderbirds vs 2 for Punishers.
Shots for this period are 13 for Thunderbirds vs 13 for Punishers.
Output by the SimonT Hockey Simulator (STHS) for Francois Prevost